| TOP OF THE 1ST |
|
Toronto Blue Jays batting - Pitching for Arizona Diamondbacks : RHP Miguel Batista
|
|
Pitching: RHP Miguel Batista
|
|
|
Batting: RHB Derek Jeter
|
0-0: Swinging Strike 0-1: Ball 1-1: Swinging Strike 1-2: SINGLE (Flyball, 7LS, EV 93.1 MPH)
|
|
Batting: LHB Will Clark
|
0-0: Foul Ball, location: 2F 0-1: Ball 1-1: Fielders Choice at 2nd, 4-6 (Groundball, 34, EV 98.8 MPH)
|
|
Batting: RHB Mark McGwire
|
0-0: Ball 1-0: Foul Ball, location: 2F 1-1: Ball 2-1: Foul Ball, location: 2F 2-2: SINGLE (Groundball, 56D, EV 110.0 MPH) Will Clark to second
|
|
Batting: RHB Ellis Burks
|
0-0: Called Strike 0-1: Ball 1-1: Ball 2-1: Ball 3-1: Called Strike 3-2: Fielders Choice at 2nd, 1-6 (Groundball, 34S, EV 86.9 MPH) Will Clark to third
|
|
Batting: LHB Phil Plantier
|
0-0: Ball 1-0: Called Strike 1-1: Ball 2-1: Ball 3-1: Fly out, F7 (Flyball, 7LMF, EV 82.5 MPH)
|
| Top of the 1st over - 0 runs, 2 hits, 0 errors, 2 left on base; Toronto 0 - Arizona 0 |
| BOTTOM OF THE 1ST |
|
Arizona Diamondbacks batting - Pitching for Toronto Blue Jays : RHP Frank Wills
|
|
Pitching: RHP Frank Wills
|
|
|
Batting: LHB Delino DeShields
|
0-0: Called Strike 0-1: Bunted foul 0-2: Ball 1-2: Ground out 1-3 (Groundball, 13S, EV 67.5 MPH)
|
|
Batting: LHB Tony Gwynn
|
0-0: Ball 1-0: Ball 2-0: Ball 3-0: Called Strike 3-1: Foul Ball, location: 2F 3-2: SINGLE (Line Drive, 89S, EV 110.0 MPH)
|
|
Batting: RHB Moises Alou
|
0-0: Ball 1-0: Ball 2-0: Called Strike 2-1: Ball 3-1: DOUBLE (Line Drive, 78D, EV 114.4 MPH) Tony Gwynn to third Runner from 3rd tries for Home, SAFE, throw by LF to trailing runner, SAFE at third!
|
|
Batting: RHB Bobby M Estalella
|
0-0: Called Strike 0-1: Swinging Strike 0-2: Strikes out looking
|
|
Batting: LHB Mike Greenwell
|
0-0: Ball 1-0: Foul Ball, location: 2F 1-1: SINGLE (Line Drive, 89S, EV 95.6 MPH) Moises Alou scores
|
|
Batting: RHB Lance Blankenship
|
0-0: Called Strike 0-1: Foul Ball, location: 2F 0-2: Ball 1-2: Ball 2-2: Ball 3-2: SINGLE (Groundball, 4D, EV 95.6 MPH) Mike Greenwell to second Mike Greenwell to third
|
|
Batting: RHB Sandy Alomar Jr.
|
0-0: Ball 1-0: Ball 2-0: Fielders Choice at 2nd, 5-4 (Groundball, 56, EV 81.9 MPH)
|
| Bottom of the 1st over - 2 runs, 4 hits, 0 errors, 2 left on base; Toronto 0 - Arizona 2 |
| TOP OF THE 2ND |
|
Toronto Blue Jays batting - Pitching for Arizona Diamondbacks : RHP Miguel Batista
|
|
Batting: RHB Dean Palmer
|
0-0: Ball 1-0: Foul Ball, location: 2F 1-1: Called Strike 1-2: Foul Ball, location: 2F 1-2: Ball 2-2: Fly out, F7 (Flyball, 7S, EV 87.5 MPH)
|
|
Batting: RHB Hector Villanueva
|
0-0: Swinging Strike 0-1: Swinging Strike 0-2: Foul Ball, location: 2F 0-2: Strikes out swinging
|
|
Batting: LHB Lance Johnson
|
0-0: Ball 1-0: Ground out 6-3 (Groundball, 6S, EV 86.9 MPH)
|
| Top of the 2nd over - 0 runs, 0 hits, 0 errors, 0 left on base; Toronto 0 - Arizona 2 |
| BOTTOM OF THE 2ND |
|
Arizona Diamondbacks batting - Pitching for Toronto Blue Jays : RHP Frank Wills
|
|
Batting: LHB Robin Ventura
|
0-0: Ball 1-0: Ball 2-0: Called Strike 2-1: Ground out U3 (Groundball, 3S, EV 80.6 MPH)
|
|
Batting: SHB Jose Vizcaino
|
0-0: Called Strike 0-1: Reached on error, E5 (Popup, 56S, EV 68.1 MPH)
|
|
Batting: LHB Delino DeShields
|
0-0: Foul Ball, location: 2F 0-1: Ball 1-1: Ball 2-1: Swinging Strike 2-2: Strikes out looking
|
|
Batting: LHB Tony Gwynn
|
0-0: Called Strike 0-1: Ball 1-1: Ball 2-1: Fly out, F8 (Flyball, 8LD, EV 83.8 MPH)
|
| Bottom of the 2nd over - 0 runs, 0 hits, 1 error, 1 left on base; Toronto 0 - Arizona 2 |
| TOP OF THE 3RD |
|
Toronto Blue Jays batting - Pitching for Arizona Diamondbacks : RHP Miguel Batista
|
|
Batting: SHB Tony Fernandez
|
0-0: Called Strike 0-1: Foul Ball, location: 2F 0-2: Ball 1-2: Foul Ball, location: 2F 1-2: Strikes out looking
|
|
Batting: RHB Derek Jeter
|
0-0: Called Strike 0-1: Swinging Strike 0-2: Fly out, F7 (Flyball, 7, EV 83.8 MPH)
|
|
Batting: LHB Will Clark
|
0-0: Foul Ball, location: 2F 0-1: Ball 1-1: Swinging Strike 1-2: Foul Ball, location: 2F 1-2: Strikes out looking
|
| Top of the 3rd over - 0 runs, 0 hits, 0 errors, 0 left on base; Toronto 0 - Arizona 2 |
| BOTTOM OF THE 3RD |
|
Arizona Diamondbacks batting - Pitching for Toronto Blue Jays : RHP Frank Wills
|
|
Batting: RHB Moises Alou
|
0-0: Called Strike 0-1: Foul Ball, location: 2F 0-2: Ball 1-2: Fly out, F8 (Line Drive, 8LM, EV 88.8 MPH)
|
|
Batting: RHB Bobby M Estalella
|
0-0: Foul Ball, location: 2F 0-1: Ball 1-1: SINGLE (Line Drive, 6M, EV 98.1 MPH)
|
|
Batting: LHB Mike Greenwell
|
0-0: Ball Bobby M Estalella steals 2nd, throwing error, E2 Bobby M Estalella to third 1-0: Called Strike 1-1: Ball 2-1: Foul Ball, location: 2F 2-2: SINGLE (Line Drive, 89S, EV 106.9 MPH) Bobby M Estalella scores
|
|
Batting: RHB Lance Blankenship
|
0-0: Called Strike 0-1: Swinging Strike 0-2: Ball 1-2: Foul Ball, location: 2F 1-2: Fielders Choice at 2nd, 5-4 (Groundball, 56S, EV 86.3 MPH)
|
|
Batting: RHB Sandy Alomar Jr.
|
0-0: Ground out 5-3 (Groundball, 56, EV 92.5 MPH)
|
| Bottom of the 3rd over - 1 run, 2 hits, 1 error, 1 left on base; Toronto 0 - Arizona 3 |
| TOP OF THE 4TH |
|
Toronto Blue Jays batting - Pitching for Arizona Diamondbacks : RHP Miguel Batista
|
|
Batting: RHB Mark McGwire
|
0-0: Ball 1-0: Foul Ball, location: 2F 1-1: Swinging Strike 1-2: Foul Ball, location: 2F 1-2: Ball 2-2: Ball 3-2: Foul Ball, location: 2F 3-2: Foul Ball, location: 2F 3-2: Foul Ball, location: 2F 3-2: Foul Ball, location: 2F 3-2: Foul Ball, location: 2F 3-2: Base on Balls
|
|
Batting: RHB Ellis Burks
|
0-0: Ball 1-0: Ball 2-0: Ball 3-0: Called Strike 3-1: Swinging Strike 3-2: Strikes out looking
|
|
Batting: LHB Phil Plantier
|
0-0: Ball Pickoff Throw to First - Out! 1-3 1-0: Foul Ball, location: 2F 1-1: Ball 2-1: Foul Ball, location: 2F 2-2: Strikes out looking
|
| Top of the 4th over - 0 runs, 0 hits, 0 errors, 0 left on base; Toronto 0 - Arizona 3 |
| BOTTOM OF THE 4TH |
|
Arizona Diamondbacks batting - Pitching for Toronto Blue Jays : RHP Frank Wills
|
|
Batting: LHB Robin Ventura
|
0-0: Called Strike 0-1: Ball 1-1: Ground out U3 (Groundball, 3, EV 82.5 MPH)
|
|
Batting: SHB Jose Vizcaino
|
0-0: Ground out U3 (Groundball, 34, EV 92.5 MPH)
|
|
Batting: LHB Delino DeShields
|
0-0: Fly out, F9 (Flyball, 9S, EV 83.8 MPH)
|
| Bottom of the 4th over - 0 runs, 0 hits, 0 errors, 0 left on base; Toronto 0 - Arizona 3 |
| TOP OF THE 5TH |
|
Toronto Blue Jays batting - Pitching for Arizona Diamondbacks : RHP Miguel Batista
|
|
Batting: RHB Dean Palmer
|
0-0: Ball 1-0: Ball 2-0: Ground out 6-3 (Groundball, 6S, EV 72.5 MPH)
|
|
Batting: RHB Hector Villanueva
|
0-0: Ball 1-0: Ball 2-0: Ground out 5-3 (Groundball, 56, EV 84.4 MPH)
|
|
Batting: LHB Lance Johnson
|
0-0: Ball 1-0: Called Strike 1-1: Swinging Strike 1-2: Ball 2-2: SINGLE (Groundball, 3D, EV 105.0 MPH)
|
|
Batting: SHB Tony Fernandez
|
0-0: Ball 1-0: Ball 2-0: Called Strike 2-1: Ball 3-1: Base on Balls Lance Johnson to second
|
|
Batting: RHB Derek Jeter
|
0-0: Ball 1-0: Foul Ball, location: 2F 1-1: Foul Ball, location: 2F 1-2: Strikes out looking
|
| Top of the 5th over - 0 runs, 1 hit, 0 errors, 2 left on base; Toronto 0 - Arizona 3 |
| BOTTOM OF THE 5TH |
|
Arizona Diamondbacks batting - Pitching for Toronto Blue Jays : RHP Frank Wills
|
|
Batting: LHB Tony Gwynn
|
0-0: Foul Ball, location: 2F 0-1: Ball 1-1: Fly out, F3 (Line Drive, 3, EV 63.8 MPH)
|
|
Pitching: RHP Jim Corsi
|
|
|
Batting: RHB Moises Alou
|
0-0: Called Strike 0-1: Swinging Strike 0-2: Fly out, F6 (Popup, P, EV 84.4 MPH)
|
|
Batting: RHB Bobby M Estalella
|
0-0: Ball 1-0: Called Strike 1-1: Foul Ball, location: 2F 1-2: Foul Ball, location: 2F 1-2: Foul Ball, location: 2F 1-2: Foul Ball, location: 2F 1-2: Foul Ball, location: 2F 1-2: DOUBLE (Flyball, 8LXD, EV 95.6 MPH)
|
|
Batting: LHB Mike Greenwell
|
0-0: Called Strike 0-1: Foul Ball, location: 2F 0-2: Foul Ball, location: 2F 0-2: Ball 1-2: Foul Ball, location: 2F 1-2: Ball 2-2: Fly out, F7 (Flyball, 7LS, EV 75.6 MPH)
|
| Bottom of the 5th over - 0 runs, 1 hit, 0 errors, 1 left on base; Toronto 0 - Arizona 3 |
| TOP OF THE 6TH |
|
Toronto Blue Jays batting - Pitching for Arizona Diamondbacks : RHP Miguel Batista
|
|
Batting: LHB Will Clark
|
0-0: Called Strike 0-1: Foul Ball, location: 2F 0-2: Strikes out looking
|
|
Batting: RHB Mark McGwire
|
0-0: Ball 1-0: Foul Ball, location: 2F 1-1: Ball 2-1: Foul Ball, location: 2F 2-2: Ball 3-2: Strikes out swinging
|
|
Batting: RHB Ellis Burks
|
0-0: Ball 1-0: Foul Ball, location: 2F 1-1: Ball 2-1: Ball 3-1: Called Strike 3-2: Strikes out swinging
|
| Top of the 6th over - 0 runs, 0 hits, 0 errors, 0 left on base; Toronto 0 - Arizona 3 |
| BOTTOM OF THE 6TH |
|
Arizona Diamondbacks batting - Pitching for Toronto Blue Jays : RHP Jim Corsi
|
|
Batting: RHB Lance Blankenship
|
0-0: Foul Ball, location: 2F 0-1: Ball 1-1: Ball 2-1: Ball 3-1: Base on Balls
|
|
Batting: RHB Sandy Alomar Jr.
|
0-0: Ball 1-0: Called Strike 1-1: Called Strike 1-2: Fly out, F8 (Flyball, 8RM, EV 82.5 MPH)
|
|
Batting: LHB Robin Ventura
|
0-0: Ball 1-0: Swinging Strike 1-1: Ball 2-1: Foul Ball, location: 2F 2-2: Fly out, F8 (Flyball, 8RD, EV 90.0 MPH)
|
|
Batting: SHB Jose Vizcaino
|
0-0: Ball Lance Blankenship steals 2nd, throwing error, E2 Lance Blankenship to third 1-0: Ground out 5-3 (Groundball, 56, EV 83.1 MPH)
|
| Bottom of the 6th over - 0 runs, 0 hits, 1 error, 1 left on base; Toronto 0 - Arizona 3 |
| TOP OF THE 7TH |
|
Toronto Blue Jays batting - Pitching for Arizona Diamondbacks : RHP Miguel Batista
|
|
Pitching: RHP Marvin Freeman
|
|
|
Batting: LHB Phil Plantier
|
0-0: Ball 1-0: Called Strike 1-1: Ball 2-1: Swinging Strike 2-2: Ball 3-2: Foul Ball, location: 2F 3-2: Foul Ball, location: 2F 3-2: Strikes out looking
|
|
Batting: RHB Dean Palmer
|
0-0: Foul Ball, location: 2F 0-1: Foul Ball, location: 2F 0-2: Strikes out swinging
|
|
Batting: RHB Hector Villanueva
|
0-0: Called Strike 0-1: Ball 1-1: Ball 2-1: Ground out 4-3 (Groundball, 4, EV 95.6 MPH)
|
| Top of the 7th over - 0 runs, 0 hits, 0 errors, 0 left on base; Toronto 0 - Arizona 3 |
| BOTTOM OF THE 7TH |
|
Arizona Diamondbacks batting - Pitching for Toronto Blue Jays : RHP Jim Corsi
|
|
Batting: LHB Delino DeShields
|
0-0: Called Strike 0-1: Ball 1-1: Ball 2-1: Swinging Strike 2-2: Strikes out swinging
|
|
Batting: LHB Tony Gwynn
|
0-0: Ground out U3 (Groundball, 3S, EV 87.5 MPH)
|
|
Batting: RHB Moises Alou
|
0-0: Called Strike 0-1: Ball 1-1: Foul Ball, location: 2F 1-2: Ground out 6-3 (Groundball, 6, EV 88.8 MPH)
|
| Bottom of the 7th over - 0 runs, 0 hits, 0 errors, 0 left on base; Toronto 0 - Arizona 3 |
| TOP OF THE 8TH |
|
Toronto Blue Jays batting - Pitching for Arizona Diamondbacks : RHP Marvin Freeman
|
|
Now at SS: Mike Bordick
|
|
|
Now in LF: Chad Curtis
|
|
|
Batting: LHB Lance Johnson
|
0-0: Foul Ball, location: 2F 0-1: Ball 1-1: Foul Ball, location: 2F 1-2: Ball 2-2: Ground out 6-3 (Groundball, 6M, EV 90.0 MPH)
|
|
Batting: SHB Tony Fernandez
|
0-0: Fly out, F7 (Flyball, 7S, EV 89.4 MPH)
|
|
Batting: RHB Derek Jeter
|
0-0: Called Strike 0-1: SINGLE (Line Drive, 89S, EV 105.0 MPH)
|
|
Batting: LHB Will Clark
|
0-0: Ball 1-0: Foul Ball, location: 2F 1-1: Foul Ball, location: 2F 1-2: Strikes out swinging
|
| Top of the 8th over - 0 runs, 1 hit, 0 errors, 1 left on base; Toronto 0 - Arizona 3 |
| BOTTOM OF THE 8TH |
|
Arizona Diamondbacks batting - Pitching for Toronto Blue Jays : RHP Jim Corsi
|
|
Batting: RHB Bobby M Estalella
|
0-0: Ball 1-0: Ball 2-0: Ball 3-0: Swinging Strike 3-1: Foul Ball, location: 2F 3-2: Strikes out swinging, 2-3 out at first.
|
|
Pitching: RHP Curt Brown
|
|
|
Batting: LHB Mike Greenwell
|
0-0: Called Strike 0-1: Foul Ball, location: 2F 0-2: SINGLE (Line Drive, 7S, EV 91.9 MPH)
|
|
Batting: RHB Lance Blankenship
|
0-0: Called Strike 0-1: Ball 1-1: Called Strike Mike Greenwell steals 2nd base 1-2: Ball 2-2: Ball 3-2: Base on Balls
|
|
Batting: RHB Sandy Alomar Jr.
|
0-0: Ball 1-0: Called Strike Mike Greenwell steals 3rd base Lance Blankenship to second 1-1: Swinging Strike 1-2: Fly out, F8 (Line Drive, 8RD, EV 96.9 MPH) Runner from 3rd tags up, SCORES, no throw by CF
|
|
Batting: LHB Robin Ventura
|
0-0: Ball 1-0: Ball 2-0: Called Strike 2-1: Fly out, F8 (Flyball, 8LM, EV 88.8 MPH)
|
| Bottom of the 8th over - 1 run, 1 hit, 0 errors, 1 left on base; Toronto 0 - Arizona 4 |
| TOP OF THE 9TH |
|
Toronto Blue Jays batting - Pitching for Arizona Diamondbacks : RHP Marvin Freeman
|
|
Now in RF: Butch Huskey
|
|
|
Batting: RHB Mark McGwire
|
0-0: Called Strike 0-1: Foul Ball, location: 2F 0-2: Ball 1-2: Strikes out swinging
|
|
Batting: RHB Ellis Burks
|
0-0: Ball 1-0: Ball 2-0: Ball 3-0: Called Strike 3-1: Called Strike 3-2: Foul Ball, location: 2F 3-2: Fly out, F9 (Flyball, 89S, EV 76.9 MPH)
|
|
Batting: LHB Phil Plantier
|
0-0: Ball 1-0: Ball 2-0: Ground out 4-3 (Groundball, 4, EV 90.0 MPH)
|
| Top of the 9th over - 0 runs, 0 hits, 0 errors, 0 left on base; Toronto 0 - Arizona 4 |
|